 Dungeon Crawl Stone Soup version 0.32-a0-422-g28b100f618 (webtiles) character file.

Game seed: 13119007254842620447

141 ezpacito the Chopper (level 5, -9/41 HPs)
             Began as a Coglin Chaos Knight on Feb 21, 2024.
             Was a Plaything of Xom.
             Mangled by an ogre
             ... wielding a +0 giant club
              (50 damage)
             ... on level 4 of the Dungeon.
             The game lasted 00:04:42 (2038 turns).

ezpacito the Chopper (Coglin Chaos Knight)          Turns: 2038, Time: 00:04:43

Health: -9/41      AC:  5    Str: 14    XL:     5   Next: 24%
Magic:  6/6        EV: 11    Int: 11    God:    Xom [..*...]
Gold:   197        SH:  0    Dex: 14    Spells: 5/5 levels left

rFire   . . .        a - +0 hand axe (chaos) {Jaspreet}
rCold   . . .        r - +0 dagger {Tae}
rNeg    . . .        b - +2 leather armour
rPois   .            (no helmet)
rElec   .            (no cloak)
rCorr   .            (no gloves)
SInv    .            (no boots)
Will    .....        (no amulet) Stlth
                     (no ring)
HPRegen 0.26/turn    (no ring)
MPRegen 0.10/turn

%: no passive effects
@: silenced, immotile, revved
A: off-hand wielding, slow wielding, warmup strikes, legs shutdown
a: Renounce Religion


You were on level 4 of the Dungeon.
You worshipped Xom.
You were a toy of Xom.
You visited 1 branch of the dungeon, and saw 4 of its levels.

You collected 197 gold pieces.

Inventory:

Hand Weapons
 a - a +0 hand axe of chaos (weapon) {Jaspreet}
 r - a +0 dagger (offhand) {Tae}
Missiles
 e - 7 poisoned darts (quivered)
 g - 2 boomerangs
 m - 7 javelins
Armour
 b - a +2 leather armour (worn)
 q - a +0 ring mail
 t - a +0 scale mail
Jewellery
 l - an amulet of the acrobat
Scrolls
 c - a scroll of butterflies
 k - a scroll of vulnerability
 u - a scroll of revelation {unknown}
Potions
 d - a potion of curing {unknown}
 f - a potion of heal wounds
 h - 2 potions of resistance
 i - a potion of mutation {unknown}
 j - a potion of invisibility {unknown}
 n - a potion of lignification {unknown}
 v - a potion of brilliance {unknown}


   Skills:
 * Level 3.5 Fighting
 * Level 3.6 Axes
 + Level 0.7 Throwing
 * Level 2.5 Armour
 * Level 1.8 Dodging
 + Level 1.2 Stealth
 + Level 0.6 Unarmed Combat
 + Level 0.9 Spellcasting


You had 5 spell levels left.
You didn't know any spells.
Your spell library contained the following spells:

 Spells                   Type           Power      Damage    Failure   Level
 Fugue of the Fallen      Necr           0%         N/A       77%         3
 Gell's Gravitas          Tloc           0%         N/A       77%         3
 Ozocubu's Armour         Ice            0%         N/A       77%         3
 Teleport Other           Tloc           0%         N/A       77%         3
 Manifold Assault         Tloc           0%         N/A       99%         4
 Dispersal                Tloc           0%         N/A       100%        6


Dungeon Overview and Level Annotations

Branches:
Dungeon (4/15)
 Temple: D:4-7

Altars:


Innate Abilities, Weirdness & Mutations

You can wield a second weapon in your off-hand.
It takes a long time for you to wield or remove held weapons.
Your first few attacks do less damage.
Attacking and casting redirects power from your legs.


Message History

A profound silence engulfs you.
It was a scroll of silence.
The hound closely misses you.
Magic scrolls do not work when you're silenced!
You barely miss the hound with your +0 dagger.
You barely miss the hound with your +0 hand axe of chaos.
The hound bites you but does no damage. x2
You hit the hound with your +0 hand axe of chaos.
The hound is poisoned.
The hound is moderately wounded.
You closely miss the hound with your +0 dagger.
Your surroundings suddenly seem different.
An ogre comes into view. It is wielding a +0 giant club.
Found 5 stones.
You hit the ogre but do no damage.
The ogre suddenly seems more resistant.
You hit the ogre with your +0 dagger.
The ogre hits you with a +0 giant club!!
Okay, then.
You feel much better.
You are no longer unable to travel.
You hit the ogre with your +0 hand axe of chaos.
The ogre convulses.
The ogre is lightly wounded.
You hit the ogre but do no damage. The ogre barely misses you.
You hit the ogre with your +0 hand axe of chaos.
The ogre is lightly wounded.
You hit the ogre with your +0 dagger. The ogre closely misses you.
You barely miss the ogre with your +0 dagger.
The ogre is moderately wounded.
You barely miss the ogre with your +0 hand axe of chaos.
You hit the ogre with your +0 dagger.
The ogre is moderately wounded.
You hit the ogre with your +0 hand axe of chaos.
You burn the ogre. The ogre barely misses you.
You hit the ogre but do no damage.
The ogre is heavily wounded.
You hit the ogre but do no damage.
The ogre seems to grow stronger.
The ogre hits you with a +0 giant club!!!
Ouch! That really hurt!
You die...
Xom cackles wildly!

# #.#
###...#
#@..#
#O###
(.#
####


You could see an ogre (strong, resistant).

Vanquished Creatures
  3 adders (D:2)
  2 dart slugs (D:2)
  2 orcs (D:3)
  10 ball pythons
  6 endoplasms
  3 giant cockroaches
  2 goblins (D:2)
  6 hobgoblins
  7 jackals
  3 kobolds
  7 quokkas
  2 frilled lizards
  5 rats
58 creatures vanquished.

Notes
Turn   | Place    | Note
-------+----------+-------------------------------------------
     0 | D:1      | ezpacito the Coglin Chaos Knight began the quest for the
                  | Orb.
     0 | D:1      | Reached XP level 1. HP: 18/18 MP: 1/1
    28 | D:1      | Reached skill level 1 in Dodging
    86 | D:1      | Reached XP level 2. HP: 24/24 MP: 2/2
   152 | D:1      | XOM: silly message
   272 | D:1      | Reached XP level 3. HP: 29/29 MP: 3/3
   586 | D:1      | XOM: noise
   782 | D:2      | XOM: silly message
   866 | D:2      | XOM: silly message
   907 | D:2      | You fall into a shaft and drop 1 floor!
   933 | D:3      | Reached XP level 4. HP: 31/35 MP: 4/4
   940 | D:3      | Reached skill level 1 in Stealth
  1148 | D:2      | XOM: confuse monster(s)
  1302 | D:2      | Reached XP level 5. HP: 41/41 MP: 6/6
  2031 | D:4      | Noticed an ogre
  2038 | D:4      | Mangled by an ogre

Illustrated notes

Levels and vault maps discovered:
D:1:      lightli_arrival_isolated_outpost, layout_basic, minmay_3d_cube
D:2:      minmay_evil_eye, layout_loops_ring
D:3:      layout_rooms
D:4:      layout_rooms, mainiacjoe_overflow_alcove_1, portal_sewer_entry_f,
          serial_shops, shop, roderic_lattice_a

Skill      XL: |  1  2  3  4 |
---------------+-------------+-----
Dodging        | 1 |  1.8
Armour         | 2 |  2.5
Stealth        | 1 |  1.2
Fighting       | |  3.5
Axes           | |  3.6
Throwing       | |  0.7
Unarmed Combat | |  0.6
Spellcasting   | |  0.9

Action                     |  1- 3 |  4- 6 || total
---------------------------+-------+-------++-------
  Melee: Hand axe          |    66 |   104 ||   170
         Dagger            |       |    37 ||    37
    Use: Scroll            |     1 |     6 ||     7
         Potion            |       |     2 ||     2
   Stab: Confused          |     1 |       ||     1
         Sleeping          |     1 |       ||     1
 Armour: Leather armour    |    39 |    58 ||    97
  Dodge: Dodged            |    40 |    56 ||    96

Table legend: (Time is in decaauts)
 A = Elapsed time spent in this place.
 B = Non-inter-level travel time spent in this place.
 C = Inter-level travel time spent in this place.
 D = Time resting spent in this place.
 E = Time spent auto-exploring this place.
 F = Levels seen in this place.
 G = Mean time per level.
                   A        B        C        D        E       F      G
               +--------+--------+--------+--------+--------+-----+--------+
         Total |   2062 |   1957 |    105 |      0 |   1515 |   4 |  515.5 |
       Dungeon |   2062 |   1957 |    105 |      0 |   1515 |   4 |  515.5 |
               +--------+--------+--------+--------+--------+-----+--------+

Top non-repeatable levels by time:
     D:2: 831 daAuts
     D:1: 720 daAuts
     D:3: 498 daAuts
     D:4: 11 daAuts
